 Dungeon Crawl Stone Soup version 0.31-a0-844-gdc52ec4e09 (webtiles) character file.

Game seed: 17922244908488629677

2167 randomguy2701 the Twirler (level 9, -1/68 HPs)
             Began as a Gnoll Wanderer on Sept 29, 2023.
             Was an Initiate of Gozag.
             Killed from afar by a gargoyle (23 damage)
             ... with a stone arrow
             ... on level 7 of the Dungeon.
             The game lasted 00:16:17 (10470 turns).

randomguy2701 the Twirler (Gnoll Wanderer)         Turns: 10470, Time: 00:16:18

Health: -1/68      AC:  5    Str: 10    XL:     9   Next: 32%
Magic:  5/16       EV: 18    Int: 15    God:    Gozag
Gold:   264        SH:  5    Dex: 14    Spells: 17/18 levels left

rFire   . . .        i - staff of cold
rCold   + . .        A - +0 buckler
rNeg    . . .        d - +0 robe
rPois   .            (no helmet)
rElec   .            j - +1 cloak
rCorr   .            (no gloves)
SInv    .            t - +0 pair of boots
Will    .....        (no amulet)
Stlth   +++          o - +5 ring of evasion
HPRegen 0.31/turn    u - ring of flight
MPRegen 0.15/turn

%: no passive effects
@: flying
A: fangs 1, strong nose, distributed training
a: Renounce Religion, Potion Petition, Call Merchant, Bribe Branch


You were on level 7 of the Dungeon.
You worshipped Gozag.
Gozag was aware of your devotion.
You visited 2 branches of the dungeon, and saw 8 of its levels.

You collected 306 gold pieces.
You paid 42 gold pieces to Gozag.

Inventory:

Armour
 d - a +0 robe (worn)
 j - a +1 cloak (worn)
 t - a +0 pair of boots (worn)
 z - the +8 ring mail of Faer {rCorr Str-4 SInv}
   (You found it on level 2 of the Dungeon)

   Str-4:     It affects your strength (-4).
   SInv:      It lets you see invisible.
   rCorr:     It protects you from acid and corrosion.
 A - a +0 buckler (worn)
Magical Staves
 i - a staff of cold (weapon)
Jewellery
 o - a +5 ring of evasion (left hand)
 u - a ring of flight (right hand)
 y - an amulet of guardian spirit
 H - a ring of protection from fire
Wands
 b - a wand of flame (25)
 D - a wand of iceblast (13)
 I - a wand of polymorph (11)
Scrolls
 a - 2 scrolls of butterflies {unknown}
 c - a scroll of fear
 e - a scroll of silence {unknown}
 g - 3 scrolls of amnesia {unknown}
 h - 2 scrolls of teleportation {unknown}
 l - a scroll of fog {unknown}
 p - 2 scrolls of identify {unknown}
 q - 2 scrolls of poison {unknown}
 r - 6 scrolls of revelation {unknown}
 s - 3 scrolls of vulnerability {unknown}
 v - a scroll of immolation {unknown}
 F - a scroll of enchant weapon {unknown}
Potions
 f - a potion of lignification
 k - a potion of heal wounds
 m - a potion of might
 n - a potion of enlightenment {unknown}
 w - a potion of berserk rage {unknown}
 x - 2 potions of curing {unknown}
 B - 2 potions of haste {unknown}
 C - a potion of invisibility {unknown}
 E - 2 potions of magic {unknown}
 G - a potion of mutation {unknown}


   Skills:
 + Level 5.0 Fighting
 + Level 4.2 Short Blades
 + Level 4.2 Long Blades
 + Level 4.2 Axes
 + Level 4.2 Maces & Flails
 + Level 4.2 Polearms
 + Level 7.9 Staves
 + Level 4.2 Ranged Weapons
 + Level 4.2 Throwing
 + Level 4.2 Armour
 + Level 4.2 Dodging
 + Level 4.2 Stealth
 + Level 4.2 Shields
 + Level 4.2 Unarmed Combat
 + Level 5.1 Spellcasting
 + Level 3.4 Conjurations
 + Level 3.4 Hexes
 + Level 3.4 Summonings
 + Level 3.4 Necromancy
 + Level 3.4 Translocations
 + Level 3.4 Transmutations
 + Level 6.5 Fire Magic
 + Level 3.4 Ice Magic
 + Level 3.4 Air Magic
 + Level 3.4 Earth Magic
 + Level 3.4 Poison Magic
 + Level 4.6 Invocations
 + Level 6.3 Evocations
 + Level 3.8 Shapeshifting


You had 17 spell levels left.
You knew the following spells:

 Your Spells              Type           Power      Damage    Failure   Level
a - Foxfire               Conj/Fire      72%        2x1d7     3%          1

Your spell library contained the following spells:

 Spells                   Type           Power      Damage    Failure   Level
 Kiss of Death            Conj/Necr      56%        2d9       5%          1
 Wereblood                Tmut           14%        N/A       9%          2
 Volatile Blastmotes      Fire/Tloc      36%        2d13      9%          3
 Confusing Touch          Hex            14%        N/A       16%         3
 Sticky Flame             Conj/Fire      18%        2d4       28%         4
 Anguish                  Hex/Necr       7%         N/A       47%         4
 Cause Fear               Hex            7%         N/A       47%         4
 Dispel Undead            Necr           14%        3d10      47%         4
 Irradiate                Conj/Tmut      7%         3d14      83%         5
 Enfeeble                 Hex            7%         N/A       100%        7


Dungeon Overview and Level Annotations

Branches:
Dungeon (7/15)             Temple (1/1) D:5

Altars:
Ashenzari
Cheibriados
Elyvilon
Fedhas
Gozag
Hepliaklqana
Kikubaaqudgha
Makhleb
Nemelex Xobeh
Okawaru
Qazlal
Ru
Sif Muna
Trog
Uskayaw
Wu Jian
Xom
Yredelemnul
Zin
The Shining One

Annotations:
D:7 Joseph


Innate Abilities, Weirdness & Mutations

You have very sharp teeth.
Your uncanny sense of smell can sniff out nearby items.
Your experience applies equally to all skills.


Message History

You conjure some foxfire!
The foxfire hits the gargoyle.
The gargoyle is moderately damaged.
The foxfire hits the gargoyle but does no damage.
The gargoyle is moderately damaged.
You block the gargoyle's attack.
You miscast Foxfire.
You are very lightly contaminated with residual magic.
Nothing appears to happen.
The foxfire hits the gargoyle but does no damage.
The gargoyle is moderately damaged.
The gargoyle hits you with a +0 flail!
You conjure some foxfire!
The gargoyle hurls a stone arrow at you.
The stone arrow hits you!
Unknown command.
You hit the gargoyle but do no damage. You bite the gargoyle.
The gargoyle is heavily damaged.
The foxfire hits the gargoyle but does no damage.
The gargoyle is heavily damaged.
The foxfire hits the gargoyle but does no damage.
The gargoyle is heavily damaged.
The gargoyle hurls a stone arrow at you.
The stone arrow misses you.
Unknown command.
You conjure some foxfire!
The gargoyle hurls a stone arrow at you.
The stone arrow misses you.
Unknown command.
Your foxfire dissipates!
The foxfire hits the gargoyle but does no damage.
The gargoyle is moderately damaged.
The gargoyle hits you with a +0 flail!!
* * * LOW HITPOINT WARNING * * *
The gargoyle attacks as it pursues you! The gargoyle completely misses you.
Your magical contamination has completely faded away.
The gargoyle attacks as it pursues you! The gargoyle closely misses you.
The gargoyle hurls a stone arrow at you.
The stone arrow hits you!!
You die...
Your body crumbles into a pile of gold.

#.# #.# .# #.#
#############.#### #.#
#.......##.......# #.#
#.......##.......# #####.####
#.......##.......# .........#
#.......##.......#
.#.##.##.###>......##.......#
.$...........9..@....<......#
#.####...###........#...[...#
#...# ########.##.....##
#.$.# .....##.##.## #....
#..##.##.# ### ......
#........# #.. ##......
#.###[#### #.# #.#...
..#.###.# ###.# #......
........######....


You could see a gargoyle.

Vanquished Creatures
  Jeremiah (D:6)
  Grinder (D:6)
  Sigmund (D:6)
  Menkaure (D:4)
  Duvessa (D:7)
  A black bear (D:4)
  2 ogres
  A phantom (D:4)
  3 scorpions (D:5)
  Dowan (D:7)
  A jelly (D:5)
  2 centaur zombies (D:4)
  A hound (D:7)
  An orc priest (D:5)
  A gnoll bouda (D:6)
  3 iguanas
  A scorpion zombie (D:4)
  2 hound zombies (D:4)
  A hound skeleton (D:4)
  A mummy (D:6)
  16 gnolls
  13 adders
  2 shadow imps
  A white imp (D:6)
  6 adder zombies (D:4)
  An adder skeleton (D:4)
  4 dart slugs
  4 orcs (D:4)
  5 endoplasms
  3 giant cockroaches
  4 goblins
  5 hobgoblins
  11 jackals
  4 kobolds
  3 quokkas
  9 ball pythons
  4 bats
  2 frilled lizards (D:3)
  6 rats
130 creatures vanquished.

Vanquished Creatures (others)
  A bullfrog (D:7)
  2 white imps (D:7)
  960 foxfires
963 creatures vanquished.

Grand Total: 1093 creatures vanquished

Notes
Turn   | Place    | Note
-------+----------+-------------------------------------------
     0 | D:1      | randomguy2701 the Gnoll Wanderer began the quest for the
                  | Orb.
     0 | D:1      | randomguy2701 set off with the following items: a +0
                  | quarterstaff, a wand of flame (5), a scroll of fear, a +0
                  | robe; and the following spell memorised: Foxfire; and the
                  | following spells available to memorise: Volatile
                  | Blastmotes, Sticky Flame.
     0 | D:1      | Reached XP level 1. HP: 17/17 MP: 4/4
   215 | D:1      | Reached XP level 2. HP: 16/23 MP: 0/5
   820 | D:1      | Reached XP level 3. HP: 28/28 MP: 4/7
  1098 | D:2      | Reached skill level 1 in Invocations
  1425 | D:2      | Identified the +8 ring mail of Faer {rCorr Str-4 SInv}
  1442 | D:2      | Reached skill level 1 in Short Blades
  1442 | D:2      | Reached skill level 1 in Long Blades
  1442 | D:2      | Reached skill level 1 in Axes
  1442 | D:2      | Reached skill level 1 in Maces & Flails
  1442 | D:2      | Reached skill level 1 in Polearms
  1442 | D:2      | Reached skill level 1 in Ranged Weapons
  1442 | D:2      | Reached skill level 1 in Throwing
  1442 | D:2      | Reached skill level 1 in Armour
  1442 | D:2      | Reached skill level 1 in Dodging
  1442 | D:2      | Reached skill level 1 in Stealth
  1442 | D:2      | Reached skill level 1 in Shields
  1442 | D:2      | Reached skill level 1 in Unarmed Combat
  1494 | D:2      | Reached XP level 4. HP: 30/34 MP: 2/8
  1748 | D:2      | Reached skill level 1 in Shapeshifting
  2014 | D:2      | Reached skill level 1 in Conjurations
  2014 | D:2      | Reached skill level 1 in Hexes
  2014 | D:2      | Reached skill level 1 in Summonings
  2014 | D:2      | Reached skill level 1 in Necromancy
  2014 | D:2      | Reached skill level 1 in Translocations
  2014 | D:2      | Reached skill level 1 in Transmutations
  2014 | D:2      | Reached skill level 1 in Ice Magic
  2014 | D:2      | Reached skill level 1 in Air Magic
  2014 | D:2      | Reached skill level 1 in Earth Magic
  2014 | D:2      | Reached skill level 1 in Poison Magic
  3060 | D:3      | Reached XP level 5. HP: 40/40 MP: 5/9
  3129 | D:3      | Found a faded altar of an unknown god.
  4185 | D:4      | Noticed an ogre
  4191 | D:4      | Killed an ogre
  4192 | D:4      | Reached skill level 5 in Evocations
  4192 | D:4      | Reached XP level 6. HP: 47/47 MP: 3/11
  4192 | D:4      | Noticed a black bear
  4378 | D:4      | Found a broken altar of Ashenzari.
  4400 | D:4      | Noticed Menkaure
  4406 | D:4      | Killed Menkaure
  4410 | D:4      | Reached XP level 7. HP: 52/52 MP: 3/12
  4591 | D:4      | Reached skill level 7 in Staves
  4763 | D:4      | Found an iron altar of Okawaru.
  4943 | D:4      | Found a sacrificial altar of Ru.
  6732 | D:5      | Entered Level 5 of the Dungeon
  6764 | D:5      | Reached XP level 8. HP: 53/60 MP: 4/14
  7852 | D:5      | Found a staircase to the Ecumenical Temple.
  8044 | Temple   | Entered the Ecumenical Temple
  8053 | Temple   | Became a worshipper of Gozag Ym Sagoz the Greedy
  8855 | D:6      | Noticed Sigmund
  8880 | D:6      | Noticed Jeremiah
  8886 | D:6      | Killed Sigmund
  9019 | D:6      | Noticed Grinder
  9029 | D:6      | Killed Grinder
  9121 | D:6      | Reached XP level 9. HP: 66/66 MP: 3/16
  9421 | D:7      | Noticed Duvessa
  9421 | D:7      | Noticed Dowan
  9421 | D:7      | Noticed Joseph
  9499 | D:7      | Noticed a gargoyle
  9717 | D:6      | Found a snail-covered altar of Cheibriados.
 10029 | D:6      | Killed Jeremiah
 10030 | D:6      | Reached skill level 5 in Spellcasting
 10181 | D:7      | Killed Dowan
 10200 | D:7      | Killed Duvessa
 10201 | D:7      | Reached skill level 5 in Fighting
 10470 | D:7      | Killed from afar by a gargoyle

Illustrated notes

Levels and vault maps discovered:
D:1:      dpeg_arrival_rhombi, layout_basic
D:2:      layout_basic
D:3:      layout_basic, basic_ecumenical_altar, corexii_leaking_fountain,
          minmay_between
D:4:      cheibrodos_helix_gallery, layout_layer_cave,
          mainiacjoe_overflow_24_doors, general_overflow_altar,
          ashenzari_conservatory_becter, serial_undead, serial_undead_d,
          serial_undead_f, serial_undead_f, serial_undead_e, serial_undead_c,
          serial_undead_b, serial_undead_a, uniq_menkaure
D:5:      layout_basic, minmay_temple_entry_proselytizer
D:6:      layout_loops_ring, chei_slow_surprise, uniq_grinder, uniq_sigmund,
          uniq_jeremiah
D:7:      layout_loops_cross, lemuel_flamethrower_2, uniq_duvessa, uniq_joseph
Temple:   nicolae_temple_superstar

Skill      XL: |  1  2  3  4  5  6  7  8  9 |
---------------+----------------------------+-----
Invocations    | 1 2 3 4 |  4.6
Short Blades   | 1 2 3 4 |  4.2
Long Blades    | 1 2 3 4 |  4.2
Axes           | 1 2 3 4 |  4.2
Maces & Flails | 1 2 3 4 |  4.2
Polearms       | 1 2 3 4 |  4.2
Ranged Weapons | 1 2 3 4 |  4.2
Throwing       | 1 2 3 4 |  4.2
Armour         | 1 2 3 4 |  4.2
Dodging        | 1 2 3 4 |  4.2
Stealth        | 1 2 3 4 |  4.2
Shields        | 1 2 3 4 |  4.2
Unarmed Combat | 1 2 3 4 |  4.2
Spellcasting   | 3 4 5 |  5.1
Shapeshifting  | 1 2 3 |  3.8
Conjurations   | 1 2 3 |  3.4
Hexes          | 1 2 3 |  3.4
Summonings     | 1 2 3 |  3.4
Necromancy     | 1 2 3 |  3.4
Translocations | 1 2 3 |  3.4
Transmutations | 1 2 3 |  3.4
Ice Magic      | 1 2 3 |  3.4
Air Magic      | 1 2 3 |  3.4
Earth Magic    | 1 2 3 |  3.4
Poison Magic   | 1 2 3 |  3.4
Fighting       | 3 4 5 |  5.0
Evocations     | 5 6 |  6.3
Staves         | 7 |  7.9
Fire Magic     | 6 |  6.5

Action                     |  1- 3 |  4- 6 |  7- 9 || total
---------------------------+-------+-------+-------++-------
  Melee: Staff             |     3 |    46 |    69 ||   118
         Bite              |     2 |     8 |     6 ||    16
         Punch             |       |     1 |       ||     1
   Cast: Foxfire           |    75 |   126 |   368 ||   569
  Evoke: Wand              |       |       |     2 ||     2
    Use: Potion            |       |       |     3 ||     3
 Armour: Robe              |    41 |    45 |    56 ||   142
         Skin              |       |       |     9 ||     9
  Dodge: Dodged            |    35 |    91 |    97 ||   223
  Block: Buckler           |       |       |    19 ||    19

Table legend: (Time is in decaauts)
 A = Elapsed time spent in this place.
 B = Non-inter-level travel time spent in this place.
 C = Inter-level travel time spent in this place.
 D = Time resting spent in this place.
 E = Time spent auto-exploring this place.
 F = Levels seen in this place.
 G = Mean time per level.
                   A        B        C        D        E       F      G
               +--------+--------+--------+--------+--------+-----+--------+
         Total |  10460 |   9364 |   1096 |     58 |   7833 |   8 | 1307.5 |
       Dungeon |  10441 |   9363 |   1078 |     58 |   7833 |   7 | 1491.6 |
        Temple |     18 |      1 |     17 |      0 |      0 |   1 |   18.0 |
               +--------+--------+--------+--------+--------+-----+--------+

Top non-repeatable levels by time:
     D:4: 2441 daAuts
     D:6: 1921 daAuts
     D:3: 1784 daAuts
     D:5: 1425 daAuts
     D:1: 1355 daAuts
     D:2: 1142 daAuts
     D:7: 371 daAuts
  Temple: 18 daAuts
